 Dungeon Crawl Stone Soup version 0.29.1-13-g9f3cf754e1 (webtiles) character file.

Game seed: 4117075288154889816

333 styxcanada the Covert (level 6, -5/30 HPs)
             Began as a Spriggan Brigand on Feb 3, 2023.
             Splashed by a jelly's acid (9 damage)
             ... on level 5 of the Dungeon on Feb 7, 2023.
             The game lasted 00:15:26 (5182 turns).

styxcanada the Covert (Spriggan Brigand)            Turns: 5182, Time: 00:15:27

Health: -5/30      AC: -1    Str:  7    XL:     6   Next: 27%
Magic:  7/7        EV: 18    Int: 13    God:
Gold:   226        SH:  0    Dex: 21    Spells: 5/5 levels left

rFire   . . .      SeeInvis +   a - +2 dagger (flame)
rCold   . . .      Faith    .   (no shield)
rNeg    . . .      Spirit   .   b - +0 robe
rPois   +          Reflect  .   (helmet restricted)
rElec   .          Harm     .   c - +0 cloak
rCorr   .          Rampage  .   (gloves unavailable)
Will    ++...                   (boots unavailable)
Stlth   +++++.....              (no amulet)
HPRegen 0.10/turn               q - ring of flight
MPRegen 0.10/turn               m - ring of Vuniygol {+Blink rPois Will+ Dex+3 Slay+5}

@: corroded, flying, very quick
A: very small, no large weapons, unfitting armour, see invisible, speed 3
a: Evoke Blink


You were on level 5 of the Dungeon.
You visited 1 branch of the dungeon, and saw 5 of its levels.

You collected 226 gold pieces.

Inventory:

Hand Weapons
 a - a +2 dagger of flaming (weapon)
 p - a +4 quarterstaff of chaos
Missiles
 d - a poisoned dart (quivered)
 e - 3 curare-tipped darts
Armour
 b - a +0 robe (worn)
 c - a +0 cloak (worn)
 k - a +0 buckler
Jewellery
 m - the ring of Vuniygol (right hand) {+Blink rPois Will+ Dex+3 Slay+5}
   (You acquired it on level 5 of the Dungeon)

   [ring of willpower]

   Dex:       It affects your dexterity (+3).
   Slay:      It affects your accuracy & damage with ranged weapons and melee
   (+5).
   rPois:     It protects you from poison.
   +Blink:    It lets you blink.
   Will:      It increases your willpower.
 q - a ring of flight (left hand)
Scrolls
 f - 2 scrolls of enchant armour {unknown}
 h - a scroll of teleportation
 i - 2 scrolls of fog
 n - a scroll of magic mapping
Potions
 g - 6 potions of curing
 j - 4 potions of flight
 l - 4 potions of haste
 o - 3 potions of degeneration {unknown}
 r - a potion of ambrosia {unknown}


   Skills:
 * Level 2.2 Fighting
 + Level 3.2 Short Blades
 + Level 2.6 Throwing
 * Level 3.0 Dodging
 * Level 9.6 Stealth


You had 5 spell levels left.
You didn't know any spells.
Your spell library contained the following spells:

 Spells                   Type           Power      Damage    Failure   Level
 Sublimation of Blood     Necr           0%         N/A       43%         2
 Wereblood                Tmut           0%         N/A       43%         2
 Teleport Other           Tloc           0%         N/A       67%         3
 Leda's Liquefaction      Hex/Erth       0%         N/A       97%         4
 Alistair's Intoxication  Tmut/Pois      0%         N/A       100%        5
 Borgnjor's Vile Clutch   Necr/Erth      0%         N/A       100%        5
 Yara's Violent Unravell  Hex/Tmut       0%         3d3       100%        5
 Eringya's Noxious Bog    Tmut/Pois      0%         N/A       100%        6
 Summon Hydra             Summ           0%         N/A       100%        7
 Discord                  Hex            0%         N/A       100%        8


Dungeon Overview and Level Annotations

Branches:
Dungeon (5/15)
 Temple: D:4-7

Altars:
Ru

Shops:
D:4 ?


Innate Abilities, Weirdness & Mutations

You are very small and have problems with some larger weapons.
You are too small for most types of armour.
You have supernaturally acute eyesight. (SInv)
You cover ground extremely quickly. (Speed+++)


Message History

Something appears at your feet!
m - the ring of Vuniygol {+Blink rPois Will+ Dex+3 Slay+5}
Found a stone staircase leading down.
The ufetubus misses you. The ufetubus hits you.
* * * LOW HITPOINT WARNING * * *
The ufetubus barely misses you. x2
You reach down and open the door.
The ufetubus misses you.
The ufetubus hits you but does no damage.
The ufetubus misses you. x2
There is an open door here.
As you read the scroll of teleportation, it crumbles to dust.
You feel strangely unstable. The ufetubus barely misses you.
The ufetubus misses you.
You feel better. The ufetubus hits you. The ufetubus closely misses you.
Okay, then.
You feel agile.
m - the ring of Vuniygol (right hand) {+Blink rPois Will+ Dex+3 Slay+5} The ufetubus hits you.
* * * LOW HITPOINT WARNING * * *
The ufetubus barely misses you.
Your surroundings suddenly seem different.
The orc priest shouts!
The jelly quivers.
You hear a shout!
The orc wizard completely misses you.
The orc priest calls upon Beogh to heal the orc wizard.
The orc wizard is healed somewhat.
The orc wizard hits you with a +0 dagger.
* * * LOW HITPOINT WARNING * * *
You hit the orc wizard. You burn the orc wizard.
The orc wizard is moderately wounded.
The orc wizard hits you with a +0 dagger.
* * * LOW HITPOINT WARNING * * *
You hit the ufetubus. You burn the ufetubus.
The ufetubus is almost dead.
The ufetubus barely misses you. x2
The ufetubus misses you. The ufetubus barely misses you. The jelly hits you.
* * * LOW HITPOINT WARNING * * *
The acid corrodes you!
You are splashed with acid!
You die...

###..5....##.....####...##
##########.#........(5((..oo.
#..........#.######.#########
#.#########....[#....o# .. #.#
#####.....#.#.#.# ...
###'#####.o.'.....#...#o.5 ...
#.........###........##........
#.........# #....g...##......#.
#.........# #5@..o...##.....##.
#.........# #.Jo.....# .....##.
#.......(.###.o......# ##..###.
#.....>....##........# #..###.
#........#.###.......####.....#
#........#.###.......##........
##########..###########.#......
##.######## #.#......
#........# #5####oo.


You could see a jelly, an orc priest, an orc wizard, a gnoll, an orc and an
ufetubus.

Vanquished Creatures
  3 hounds (D:4)
  An orc priest (D:3)
  Crazy Yiuf (D:2)
  2 iguanas (D:4)
  A gnoll (D:5)
  5 adders
  A white imp (D:4)
  2 worms (D:3)
  A dart slug (D:4)
  5 orcs
  3 endoplasms
  6 giant cockroaches
  6 goblins
  4 hobgoblins
  4 jackals (D:4)
  8 kobolds
  3 quokkas
  3 ball pythons
  6 bats
  3 frilled lizards
  4 rats
72 creatures vanquished.

Vanquished Creatures (others)
  3 plants (D:3)
3 creatures vanquished.

Grand Total: 75 creatures vanquished

Notes
Turn   | Place    | Note
-------+----------+-------------------------------------------
     0 | D:1      | styxcanada the Spriggan Brigand began the quest for the
                  | Orb.
     0 | D:1      | Reached XP level 1. HP: 10/10 MP: 2/2
    13 | D:1      | Reached skill level 6 in Stealth
   176 | D:1      | Found a faded altar of an unknown god.
   227 | D:1      | Reached XP level 2. HP: 13/14 MP: 3/3
   558 | D:1      | Got the Precepts of the Magic Mushroom
  1054 | D:1      | Reached skill level 7 in Stealth
  1177 | D:2      | Found a sacrificial altar of Ru.
  1255 | D:2      | Reached XP level 3. HP: 18/18 MP: 4/4
  1778 | D:2      | Found a runed translucent door.
  1779 | D:2      | Noticed Crazy Yiuf
  1788 | D:2      | Killed Crazy Yiuf
  1789 | D:2      | Reached skill level 8 in Stealth
  1789 | D:2      | Reached XP level 4. HP: 23/23 MP: 5/5
  3196 | D:4      | Reached XP level 5. HP: 16/26 MP: 6/6
  3697 | D:4      | Reached skill level 9 in Stealth
  4006 | D:4      | Found Ysesol's Magic Scroll Boutique.
  4257 | D:4      | Reached XP level 6. HP: 30/30 MP: 7/7
  4989 | D:5      | Entered Level 5 of the Dungeon
  5080 | D:5      | HP: 1/30 [orc priest/nerve-wracking pain (13)]
  5110 | D:5      | Identified a scroll of acquirement
  5110 | D:5      | Acquired the ring of Vuniygol {+Blink rPois Will+ Dex+3
                  | Slay+5}
  5182 | D:5      | Splashed by a jelly's acid

Illustrated notes

Levels and vault maps discovered:
D:1:      minmay_arrival_up_and_down, layout_basic,
          hellmonk_ecumenical_altar_run_dry
D:2:      layout_basic, serial_curves, eino_curves_03, eino_curves_01,
          basic_altar, minmay_pentomino_v2, uniq_crazy_yiuf_cottage
D:3:      layout_basic, serial_forest, infiniplex_forest_straight_2,
          infiniplex_forest_lined_corner, infiniplex_forest_clump_large,
          infiniplex_forest_straight_2, infiniplex_forest_lined_1,
          infiniplex_forest_clump_double, infiniplex_forest_lined_2,
          infiniplex_forest_lined_ring, infiniplex_forest_clump_long,
          infiniplex_forest_lined_3
D:4:      layout_gridville, serial_shops, nicolae_shop_stone,
          kennysheep_generic_room_9
D:5:      layout_basic, kennysheep_generic_room_15

Skill      XL: |  1  2  3  4  5  6 |
---------------+-------------------+-----
Stealth        | 6 7 8 9 |  9.6
Dodging        | 2 3 |  3.0
Fighting       | 2 |  2.2
Short Blades   | 3 |  3.2
Throwing       | |  2.6

Action                   |  1- 3 |  4- 6 || total
-------------------------+-------+-------++-------
Melee: Dagger            |    52 |   116 ||   168
       Punch             |     1 |     2 ||     3
Throw: Dart              |     4 |    44 ||    48
  Use: Scroll            |     1 |    10 ||    11
       Potion            |       |     1 ||     1
 Stab: Sleeping          |    11 |    14 ||    25
Armor: Robe              |     9 |     9 ||    18
Dodge: Dodged            |    23 |    94 ||   117
